 Dungeon Crawl Stone Soup version 0.28.0-43-g3370ac3207 (webtiles) character file.

Game seed: 5147132644605731752

95 funkygono the Firebug (level 4, -3/24 HPs)
             Began as a Gargoyle Fire Elementalist on Mar 4, 2022.
             Killed from afar by an orc wizard (10 damage)
             ... with a magic dart
             ... on level 3 of the Dungeon.
             The game lasted 00:02:57 (2144 turns).

funkygono the Firebug (Gargoyle Fire Elementalist)  Turns: 2144, Time: 00:02:58

Health: -3/24      AC:  5    Str: 11    XL:     4   Next: 66%
Magic:  15/17      EV: 16    Int: 18    God:
Gold:   58         SH:  0    Dex: 10    Spells: 3/9 levels left

rFire   + . .      SeeInvis .   i - +0 whip (elec)
rCold   . . .      Faith    .   (no shield)
rNeg    + . .      Spirit   .   s - +0 robe {rF+}
rPois   ∞          Reflect  .   (no helmet)
rElec   +          Harm     .   (no cloak)
rCorr   .          Rampage  .   (no gloves)
Will    .....                   (no boots)
Stlth   ++........              (no amulet)
HPRegen 0.08/turn               h - +4 ring of evasion
MPRegen 0.15/turn               f - ring of magical power

@: no status effects
A: sickness immunity, AC +3, negative energy resistance 1, electricity
resistance, torment resistance 1, petrification resistance
a: no special abilities


You were on level 3 of the Dungeon.
You visited 1 branch of the dungeon, and saw 3 of its levels.

You collected 58 gold pieces.

Inventory:

Hand Weapons
 i - a +0 whip of electrocution (weapon)
 r - a +0 club
Missiles
 c - 83 stones
Armour
 a - a +0 robe
 s - a +0 robe of fire resistance (worn)
Jewellery
 f - a ring of magical power (right hand)
 h - a +4 ring of evasion (left hand)
Wands
 k - a wand of flame (30)
 u - a wand of acid (9)
Scrolls
 b - a scroll of torment {unknown}
 g - 2 scrolls of identify {unknown}
 m - a scroll of vulnerability {unknown}
 n - a scroll of magic mapping {unknown}
 o - a scroll of teleportation {unknown}
 q - a scroll of brand weapon {unknown}
Potions
 d - 2 potions of curing {unknown}
 e - a potion of resistance {unknown}
 j - a potion of degeneration {unknown}
 l - 2 potions of might {unknown}
 p - a potion of mutation {unknown}
 t - a potion of cancellation {unknown}


   Skills:
 + Level 0.2 Fighting
 + Level 1.7 Dodging
 - Level 2.1 Stealth
 * Level 3.0 Spellcasting
 * Level 2.3 Conjurations
 * Level 4.0 Fire Magic


You had 3 spell levels left.
You knew the following spells:

 Your Spells              Type           Power      Damage    Failure   Level
a - Foxfire               Conj/Fire      56%        2x1d6     4%          1
b - Scorch                Fire           34%        2d7       4%          2
c - Conjure Flame         Conj/Fire      14%        6-21      13%         3

Your spell library contained the following spells:

 Spells                   Type           Power      Damage    Failure   Level
 Animate Skeleton         Necr           4%         N/A       16%         1
 Pain                     Necr           8%         1d4       16%         1
 Inner Flame              Hex/Fire       9%         N/A       22%         3
 Vampiric Draining        Necr           2%         2d6       43%         3
 Flame Wave               Conj/Fire      14%        2d6       41%         4


Dungeon Overview and Level Annotations

Branches:
Dungeon (3/15)

Altars:


Innate Abilities, Weirdness & Mutations

You are immune to sickness and miasma.
Your stone body is resilient. (AC +3)
You are immune to poison.
You resist negative energy. (rN+)
You are resistant to electric shocks. (rElec)
You are resistant to unholy torment.
You are immune to petrification.


Message History

Confirm with . or Enter, or press ? or * to list all spells.
You can't see any susceptible monsters within range! (Use Z to cast anyway.)
Casting: Foxfire (safe; 4% risk of failure)
Confirm with . or Enter, or press ? or * to list all spells.
You conjure some foxfire!
You hear some strange, mumbled words.
A magic dart appears from out of thin air!
The magic dart hits you.
Casting: Foxfire (safe; 4% risk of failure)
Confirm with . or Enter, or press ? or * to list all spells.
Nothing appears to happen.
The foxfire hits something.
Something hits you but does no damage.
Unknown command.
You barely miss something. Something barely misses you.
You barely miss something.
You hear some strange, mumbled words.
You are confused.
You miss something. Something hits you.
You bump into the rock wall.
Something hits you but does no damage.
You barely miss something. Something hits you but does no damage.
You're too confused to move!
Something hits you.
You're too confused to move!
Something hits you but does no damage. Something hits you but does no damage.
You feel less confused. Something hits you.
You closely miss something. Something barely misses you.
You closely miss something. Something hits you but does no damage.
You closely miss something.
You hear some strange, mumbled words.
A puff of flame appears from out of thin air!
The puff of flame hits you. You resist.
* * * LOW HITPOINT WARNING * * *
An orc wizard comes into view. It is wielding a +0 dagger of venom.
You barely miss something. Something hits you but does no damage.
The orc wizard mumbles some strange words.
The orc wizard flickers and vanishes!
You hear some strange, mumbled words.
A magic dart appears from out of thin air!
The magic dart hits you!
You die...

#.########
#..#
#........#
#{#§#
########.#
#.##o# #.#
#.# o# #.#
#.# # #.#
#.# #.#
#)#
#.######{#
#.....>.@#
##########


There were no monsters in sight!

Vanquished Creatures
  Jessica (D:2)
  2 adders
  2 dart slugs
  2 orcs (D:3)
  3 bats
  5 endoplasms
  3 giant cockroaches
  2 goblins (D:3)
  2 hobgoblins
  7 quokkas
  5 ball pythons
  4 frilled lizards
  A kobold (D:1)
  4 rats
43 creatures vanquished.

Vanquished Creatures (others)
  114 foxfires
114 creatures vanquished.

Grand Total: 157 creatures vanquished

Notes
Turn   | Place    | Note
-------+----------+-------------------------------------------
     0 | D:1      | funkygono the Gargoyle Fire Elementalist began the quest
                  | for the Orb.
     0 | D:1      | Reached XP level 1. HP: 10/10 MP: 3/3
   278 | D:1      | Reached XP level 2. HP: 15/15 MP: 0/5
   281 | D:1      | Learned a level 2 spell: Scorch
   447 | D:1      | Found a faded altar of an unknown god.
  1156 | D:2      | Reached XP level 3. HP: 19/19 MP: 6/6
  1160 | D:2      | Learned a level 3 spell: Conjure Flame
  1233 | D:2      | Noticed Jessica
  1238 | D:2      | Killed Jessica
  1239 | D:2      | Reached XP level 4. HP: 21/24 MP: 6/8
  1969 | D:3      | Reached skill level 4 in Fire Magic
  2144 | D:3      | Killed from afar by an orc wizard

Illustrated notes

Levels and vault maps discovered:
D:1:      wander_arrival_desolate, layout_rooms,
          chequers_ecumenical_altar_simple
D:2:      layout_basic, nicolae_concentric_dashed_squares_mild, uniq_jessica
D:3:      layout_loops_ring, zin_treasury, minmay_misc_feat_enclosed

Skill      XL: |  1  2  3  4 |
---------------+-------------+-----
Conjurations   | 2 |  2.3
Fire Magic     | 4 |  4.0
Spellcasting   | 3 |  3.0
Fighting       | |  0.2
Dodging        | |  1.7
Stealth        | |  2.1

Action                   |  1- 3 |  4- 6 || total
-------------------------+-------+-------++-------
Melee: Unarmed           |     4 |       ||     4
       Whip              |       |     9 ||     9
 Cast: Foxfire           |    42 |    27 ||    69
       Scorch            |     4 |     3 ||     7
Armor: Robe              |     6 |     7 ||    13
Dodge: Dodged            |    15 |     5 ||    20
